 Dungeon Crawl Stone Soup version 0.29.1-1-gd02db6906a (webtiles) character file.

Game seed: 17953544900163090968

104541 groovy9 the Crack Shot (level 16, -2/108 HPs)
             Began as a Formicid Hunter on Sept 18, 2022.
             Was the Champion of Hepliaklqana.
             Slain by a wolf spider (29 damage)
             ... on level 1 of the Spider Nest on Sept 19, 2022.
             The game lasted 01:37:34 (21888 turns).

groovy9 the Crack Shot (Formicid Hunter)           Turns: 21888, Time: 01:37:34

Health: -2/108     AC: 10    Str: 12    XL:     16   Next: 92%
Magic:  23/23      EV: 18    Int: 10    God:    Hepliaklqana [******]
Gold:   506        SH: 19    Dex: 27    Spells: 15/15 levels left

rFire   + + +      SeeInvis +   a - +5 longbow (chaos)
rCold   + . .      Faith    .   z - +3 kite shield
rNeg    + . .      Spirit   .   F - +2 robe {rN+}
rPois   +          Reflect  .   (helmet unavailable)
rElec   +          Harm     .   e - +2 cloak "Runifedd" {Contam rPois rF+++ Str-5}
rCorr   +          Rampage  .   n - +1 pair of gloves "Lawkec" {Regen+ rCorr Str-3 Stlth-}
Will    +....                   P - +0 pair of boots {Stlth+}
Stlth   +++.......              U - amulet "Zucsurom" {+Blink rElec Will- Regen+}
HPRegen 1.88/turn               M - ring of the Coward {rF+ Will+ rCorr Str+3 Dex+4}
MPRegen 0.18/turn               B - ring "Onieg" {Ice rElec}

@: lethally poisoned (-2 -> -7)
A: reduced essence, permanent stasis, dig shafts and tunnels, antennae 3, four
strong arms
a: Dig, Shaft Self, Renounce Religion, Recall Ancestor, Ancestor Identity,
Transference, Idealise


You were on level 1 of the Spider Nest.
You worshipped Hepliaklqana.
Hepliaklqana was exalted by your worship.
You visited 5 branches of the dungeon, and saw 23 of its levels.
You also visited: Bailey, Gauntlet and Volcano.

You collected 2821 gold pieces.
You spent 2315 gold pieces at shops.

Inventory:

Hand Weapons
 a - a +5 longbow of chaos (weapon)
Missiles
 v - 11 throwing nets
 J - 4 curare-tipped darts
Armour
 e - the +2 cloak "Runifedd" (worn) {Contam rPois rF+++ Str-5}
   (You acquired it on level 2 of the Dungeon)

   Str:       It affects your strength (-5).
   rF:        It renders you almost immune to fire.
   rPois:     It protects you from poison.
   Contam:    It causes magical contamination when unequipped.
 n - the +1 pair of gloves "Lawkec" (worn) {Regen+ rCorr Str-3 Stlth-}
   (You bought it in a shop on level 2 of the Dungeon)

   Str:       It affects your strength (-3).
   Regen:     It increases your rate of health regeneration.
   rCorr:     It protects you from acid and corrosion.
   Stlth:     It makes you less stealthy.
 z - a +3 kite shield (worn)
 F - a +2 robe of positive energy (worn)
 P - a +0 pair of boots of stealth (worn)
Jewellery
 y - a ring of protection from cold
 B - the ring "Onieg" (right hand) {Ice rElec}
   (You bought it in a shop on level 2 of the Orcish Mines)

   [ring of ice]

   It enhances your ice magic.
   rF:        It makes you vulnerable to fire.
   rC:        It protects you from cold.
   rElec:     It insulates you from electricity.
 M - the ring of the Coward (left hand) {rF+ Will+ rCorr Str+3 Dex+4}
   (You found it in a Gauntlet)

   [ring of protection from fire]

   Str:       It affects your strength (+3).
   Dex:       It affects your dexterity (+4).
   rF:        It protects you from fire.
   rCorr:     It protects you from acid and corrosion.
   Will:      It increases your willpower.
 U - the amulet "Zucsurom" (around neck) {+Blink rElec Will- Regen+}
   (You found it on level 5 of the Lair of Beasts)

   [amulet of regeneration]

   rElec:     It insulates you from electricity.
   +Blink:    It lets you blink.
   Regen:     It increases your rate of health regeneration.
   Will:      It decreases your willpower.
 X - an amulet of reflection
Wands
 l - a wand of flame (40)
 p - a wand of mindburst (2)
 q - a wand of paralysis (10)
 I - a wand of polymorph (10)
 Q - a wand of acid (4)
Scrolls
 b - a scroll of torment
 m - 2 scrolls of fear
 r - 2 scrolls of immolation
 s - 5 scrolls of vulnerability
 t - 3 scrolls of poison
 A - 4 scrolls of noise
 C - 5 scrolls of butterflies
 H - 4 scrolls of enchant armour
 S - a scroll of silence
 V - 3 scrolls of amnesia
 Y - a scroll of enchant weapon
Potions
 d - 8 potions of attraction
 f - 6 potions of magic
 g - 11 potions of curing
 h - 6 potions of might
 k - 8 potions of heal wounds
 o - 7 potions of invisibility
 w - 5 potions of ambrosia
 x - 2 potions of brilliance
 D - 4 potions of mutation
 G - 3 potions of flight
 K - 4 potions of lignification
 T - 2 potions of resistance
 Z - a potion of cancellation
Miscellaneous
 u - a box of beasts
 L - a phial of floods


   Skills:
 - Level 9.5 Fighting
 - Level 22.0 Ranged Weapons
 - Level 6.8 Dodging
 + Level 3.6 Stealth
 * Level 16.2 Shields
 - Level 10.0 Invocations


You had 15 spell levels left.
You didn't know any spells.
Your spell library contained the following spells:

 Spells                   Type           Power      Damage    Failure   Level
 Magic Dart               Conj           0%         1d3       50%         1
 Sandblast                Erth           0%         2d4       50%         1
 Shock                    Conj/Air       0%         1d3       50%         1
 Call Imp                 Summ           0%         N/A       63%         2
 Passwall                 Tmut/Erth      0%         N/A       63%         2
 Dazzling Flash           Conj/Hex       0%         N/A       86%         3
 Mephitic Cloud           Conj/Pois/Air  0%         N/A       86%         3
 Ozocubu's Armour         Ice            0%         N/A       86%         3
 Stone Arrow              Conj/Erth      0%         3d7       86%         3
 Tukima's Dance           Hex            0%         N/A       86%         3
 Airstrike                Air            0%         2d(0-16)  99%         4
 Hailstorm                Conj/Ice       0%         3d3       99%         4
 Ice Form                 Ice/Tmut       0%         N/A       99%         4
 Passage of Golubria      Tloc           0%         N/A       99%         4
 Summon Lightning Spire   Summ/Air       0%         N/A       99%         4
 Agony                    Necr           0%         N/A       100%        5
 Lightning Bolt           Conj/Air       0%         1d11      100%        5
 Metabolic Englaciation   Hex/Ice        0%         N/A       100%        5
 Silence                  Hex/Air        0%         N/A       100%        5
 Yara's Violent Unravell  Hex/Tmut       0%         3d3       100%        5
 Simulacrum               Ice/Necr       0%         N/A       100%        6
 Swiftness                Air            Unusable   N/A       N/A         3

Dungeon Overview and Level Annotations

Branches:
Dungeon (14/15)            Temple (1/1) D:6            Lair (5/5) D:9
 Shoals (0/4) Lair:2       Spider (1/4) Lair:3        Slime (0/5) Lair:5
    Orc (2/2) D:10            Elf (0/3) Orc:2        Vaults (0/5) D:13
 Bailey (visited)         Volcano (visited)         Gauntlet (visited)

Altars:
Ashenzari
Cheibriados
Dithmenos
Elyvilon
Fedhas
Gozag
Hepliaklqana
Kikubaaqudgha
Makhleb
Nemelex Xobeh
Okawaru
Qazlal
Ru
Sif Muna
Trog
Uskayaw
Vehumet
Wu Jian
Xom
Yredelemnul
Zin
The Shining One
Jiyva

Shops:
D:2 [   D:3 =   Orc:2 ((=!

Annotations:
D:9 loot needs fly at fire


Innate Abilities, Weirdness & Mutations

Your life essence is reduced to manifest your ancestor. (-10% HP)
You cannot be hasted, slowed, berserked, paralysed or teleported.
You can dig through walls and to a lower floor.
You have a pair of large antennae on your head. (SInv)
Your four strong arms can wield two-handed weapons with a shield.


Message History

Chakide burns the jumping spider.
Chakide hits the jumping spider with a +0 broad axe of flaming.
Chakide burns the jumping spider.
Chakide is recalled.
Chakide passes through a web.
The jumping spider pounces on you but does no damage.
You block the jumping spider's attack. You block the wolf spider's attack.
The wolf spider closely misses you.
The jumping spider leaps!
You block the jumping spider's attack.
The jumping spider bites you but does no damage.
You shoot an arrow. The arrow hits the jumping spider!!
The arrow freezes the jumping spider.
You kill the jumping spider!
The wolf spider misses you. You block the wolf spider's attack.
You shoot an arrow. The arrow hits the wolf spider!!
The wolf spider is severely wounded.
You block the wolf spider's attack.
The wolf spider bites you but does no damage.
You block the jumping spider's attack. The jumping spider closely misses you.
Chakide closely misses the wolf spider.
You shoot an arrow. The arrow hits the wolf spider.
The wolf spider goes berserk!
The wolf spider is severely wounded.
You block the wolf spider's attack. The wolf spider barely misses you.
The jumping spider pounces on you!
You are caught in a web!
The jumping spider bites you but does no damage.
Chakide barely misses the wolf spider.
You cannot shoot with your longbow while caught in a web.
The web tears apart.
The wolf spider hits you!! You block the wolf spider's attack.
The jumping spider leaps!
You block the wolf spider's attack. The wolf spider bites you!
You are poisoned.
The wolf spider poisons you!
The jumping spider leaps! x2
Chakide closely misses the wolf spider.
Magic courses through your body.
You feel very sick. You block the wolf spider's attack.
The wolf spider barely misses you. The wolf spider hits you!!
* * * LOW HITPOINT WARNING * * *
You block the wolf spider's attack. The wolf spider hits you!!
You die...

.. #.. . .#. .? #. .. ..#
...#.### #†.##.... .....#
$...#...## .
{○..##^......^. .# #
###ssR..#....##... .
##.#.@####...#...# ^#.
#........#..#.... #..#
#...##.......### ...##
###.)..........##...#.
######..##^^#.##.........#
#.....#!....#..###..####..
#.........#.#...##..#.#..#
#...###...#.#.>.##.......##
#.. #.....#....###..##....#


You could see the friendly Chakide the knight, a wolf spider (berserk,
invisible, ally target) and a jumping spider (fast).

Vanquished Creatures
  A storm dragon (D:14)
  A fire giant (D:14)
  3 orc warlords
  A minotaur (Gauntlet)
  An ettin (D:14)
  3 hydras
  3 vault guards
  3 boulder beetles
  An ice dragon (D:14)
  4 centaur warriors
  6 two-headed ogres
  A catoblepas (Lair:3)
  A tengu warrior (D:14)
  A death yak (D:13)
  3 orc high priests (Orc:2)
  The ghost of Bronimir the Magician, a novice OpHW of Sif Muna (D:7)
  A salamander mystic (Volcano)
  A pharaoh ant (Spider:1)
  2 goliath frogs (Lair:5)
  2 lindwurms
  A deep elf pyromancer (Volcano)
  5 orc knights
  An oklob plant (Lair:4)
  3 orc sorcerers
  6 ugly things
  A wolf spider (Spider:1)
  2 manticores (D:14)
  A salamander (Volcano)
  8 cyclopes
  2 eyes of devastation
  4 black mambas
  15 cane toads
  2 molten gargoyles (Volcano)
  5 elephants (Lair:1)
  3 torpor snails
  6 gargoyles
  An unseen horror (D:13)
  2 kobold demonologists
  A tengu conjurer (D:14)
  7 komodo dragons
  2 trolls
  A polar bear (Lair:5)
  Grinder (D:3)
  A hornet (D:9)
  Prince Ribbit (Bailey)
  2 tyrant leeches (Lair:5)
  A tarantella (Spider:1)
  A snapping turtle (Lair:2)
  18 blink frogs
  A dream sheep (shapeshifter) (D:14)
  7 dream sheep
  A culicivora (Spider:1)
  13 jumping spiders
  Sigmund (D:2)
  2 shadows
  A water elemental (D:13)
  A vampire (D:9)
  2 wraiths
  2 wyverns
  37 yaks
  5 humans
  5 basilisks
  A steam dragon (D:8)
  9 redbacks
  7 vampire mosquitoes
  3 wargs
  5 acid dragons
  7 water moccasins
  A hell hound (D:9)
  2 floating eyes
  A floating eye (shapeshifter) (D:14)
  2 sky beasts (D:6)
  An ice beast (D:6)
  38 orc warriors
  4 black bears
  12 ogres
  9 wolves
  8 centaurs
  4 phantoms
  4 kobold brigands
  9 necrophages
  21 bullfrogs
  3 scorpions
  4 gnoll sergeants (D:5)
  20 wights
  9 killer bees
  A vampire bat (Lair:5)
  8 howler monkeys
  2 electric eels
  A lava snake (D:9)
  9 hounds
  2 jellies
  2 gnoll boudas (D:5)
  Crazy Yiuf (D:3)
  30 orc priests
  Jessica (D:3)
  8 iguanas
  20 orc wizards
  5 hell rats (Lair:2)
  29 gnolls
  11 adders
  2 shadow imps (D:6)
  An ufetubus (D:6)
  2 dart slugs
  93 orcs
  13 bats
  7 endoplasms
  5 giant cockroaches
  10 goblins
  10 hobgoblins
  13 jackals
  5 quokkas
  6 ball pythons
  3 frilled lizards
  21 kobolds
  5 rats
  A butterfly (Lair:3)
733 creatures vanquished.

Vanquished Creatures (collateral kills)
  A boulder beetle (D:14)
  A hydra (Lair:3)
  A vault guard (Bailey)
  2 death yaks (D:13)
  An orc high priest (Orc:2)
  A tengu warrior (Gauntlet)
  An obsidian statue (Gauntlet)
  A lindwurm (Lair:2)
  The ghost of QueenGhuleh the Cudgeller, a novice MiBe of Trog (D:7)
  3 orc knights
  A wizard (Volcano)
  2 orc sorcerers (Orc:2)
  A wolf spider (Spider:1)
  An ugly thing (D:14)
  A black mamba (Lair:3)
  6 cane toads
  2 gargoyles
  A komodo dragon (Lair:5)
  A rime drake (Lair:5)
  An efreet (D:9)
  A tengu conjurer (Gauntlet)
  2 trolls
  A polar bear (Lair:2)
  A tyrant leech (Lair:5)
  4 blink frogs
  A tarantella (Spider:1)
  2 dream sheep
  A shadow (D:10)
  A wyvern (Lair:1)
  11 yaks
  5 humans (D:13)
  2 redbacks (Spider:1)
  A vampire mosquito (D:10)
  2 acid dragons
  3 water moccasins
  A floating eye (Gauntlet)
  10 orc warriors
  An ogre (Orc:2)
  A wolf (Lair:3)
  3 necrophages (Lair:4)
  6 bullfrogs
  3 wights
  A killer bee (D:10)
  8 orc priests
  3 orc wizards (Orc:2)
  A hell rat (Lair:2)
  30 orcs
  A goblin (Bailey)
  2 kobolds
139 creatures vanquished.

Vanquished Creatures (others)
  An efreet (Volcano)
  A human (D:13)
  2 ancestors
  7 knights
  A demonic plant (Gauntlet)
  30 fungi
  79 plants
  6 withered plants (D:7)
127 creatures vanquished.

Grand Total: 999 creatures vanquished

Notes
Turn   | Place    | Note
-------+----------+-------------------------------------------
     0 | D:1      | groovy9 the Formicid Hunter began the quest for the Orb.
     0 | D:1      | Reached XP level 1. HP: 16/16 MP: 1/1
    47 | D:1      | Reached XP level 2. HP: 20/22 MP: 2/2
   295 | D:1      | Reached XP level 3. HP: 25/27 MP: 3/3
   382 | D:1      | Reached skill level 5 in Ranged Weapons
   683 | D:1      | Found a faded altar of an unknown god.
   896 | D:2      | Identified a scroll of acquirement
   896 | D:2      | Acquired the +2 cloak "Runifedd" {Contam rPois rF+++ Str-5}
   926 | D:2      | Noticed Sigmund
  1032 | D:2      | Found Coduegim's Antique Armour Boutique.
  1094 | D:2      | Reached XP level 4. HP: 31/33 MP: 4/4
  1863 | D:3      | Found a broken altar of Ashenzari.
  2001 | D:3      | Found a runed translucent door.
  2002 | D:3      | Noticed Crazy Yiuf
  2057 | D:3      | Noticed Grinder
  2067 | D:3      | Killed Grinder
  2068 | D:3      | Reached skill level 7 in Ranged Weapons
  2068 | D:3      | Reached XP level 5. HP: 33/38 MP: 5/5
  2068 | D:3      | Reached XP level 6. HP: 39/44 MP: 6/6
  2242 | D:3      | Found Guvakog's One-of-a-Kind Rings.
  2384 | D:3      | Noticed Jessica
  2387 | D:3      | Killed Jessica
  2403 | D:3      | Found a hide-covered altar of Uskayaw.
  2601 | D:3      | Killed Crazy Yiuf
  2602 | D:3      | Reached XP level 7. HP: 50/50 MP: 7/7
  2816 | D:4      | Reached skill level 8 in Ranged Weapons
  2883 | D:4      | Reached skill level 9 in Ranged Weapons
  3051 | D:4      | Reached XP level 8. HP: 56/56 MP: 8/8
  3064 | D:4      | Found a glowing golden altar of the Shining One.
  3066 | D:4      | Found a radiant altar of Vehumet.
  3068 | D:4      | Found a white marble altar of Elyvilon.
  3068 | D:4      | Found a blossoming altar of Fedhas.
  3493 | D:2      | Killed Sigmund
  3802 | D:5      | Entered Level 5 of the Dungeon
  3807 | D:5      | Reached skill level 10 in Ranged Weapons
  3838 | D:5      | Found an ornate altar of the Wu Jian Council.
  4103 | D:5      | Reached skill level 11 in Ranged Weapons
  4124 | D:5      | Reached XP level 9. HP: 61/61 MP: 9/9
  4357 | D:2      | Bought a pair of bloodstained gloves for 266 gold pieces
  4357 | D:2      | Identified the +1 pair of gloves "Lawkec" {Regen+ rCorr
                  | Str-3 Stlth-} (You bought it in a shop on level 2 of the
                  | Dungeon)
  4486 | D:5      | Reached skill level 12 in Ranged Weapons
  5131 | D:6      | Reached skill level 13 in Ranged Weapons
  5250 | D:6      | Reached XP level 10. HP: 66/67 MP: 10/10
  5259 | D:6      | Noticed a two-headed ogre
  5270 | D:6      | Killed a two-headed ogre
  5271 | D:6      | Reached skill level 14 in Ranged Weapons
  5603 | D:6      | Found a sparkling altar of Nemelex Xobeh.
  5635 | D:6      | Found a staircase to the Ecumenical Temple.
  5656 | Temple   | Entered the Ecumenical Temple
  5667 | Temple   | Became a worshipper of Hepliaklqana the Forgotten
  6209 | D:6      | Reached skill level 15 in Ranged Weapons
  6223 | D:6      | Found an opulent altar of Gozag.
  6669 | D:7      | Reached * piety under Hepliaklqana
  6791 | D:7      | Found a runed translucent gate.
  6791 | D:7      | Found a runed translucent gate.
  6792 | D:7      | Found a runed translucent gate.
  6793 | D:7      | Noticed Bronimir's ghost (novice OpHW)
  6955 | D:7      | Reached skill level 1 in Shields
  7114 | D:7      | Reached XP level 11. HP: 70/70 MP: 11/11
  7199 | D:7      | Noticed QueenGhuleh's ghost (novice MiBe)
  7475 | D:3      | Bought the ring "Owesak" {Str+2 Slay+3} for 293 gold pieces
  7575 | D:8      | Reached skill level 5 in Fighting
  7711 | D:8      | Reached skill level 5 in Shields
  7753 | D:8      | Reached ** piety under Hepliaklqana
  7754 | D:8      | Remembered your ancestor Chakide as a knight
  7789 | D:8      | Reached skill level 1 in Invocations
  7836 | D:8      | Found a flagged portal.
  7846 | Bailey   | Entered a bailey
  7905 | Bailey   | Noticed Prince Ribbit
  7905 | Bailey   | Noticed a vault guard
  7917 | Bailey   | Killed Prince Ribbit
  7920 | Bailey   | Killed a vault guard
  7921 | Bailey   | Reached skill level 5 in Invocations
  7975 | Bailey   | Noticed a vault guard
  8001 | Bailey   | Killed a vault guard
  8430 | D:9      | Noticed a centaur warrior
  8434 | D:9      | Killed a centaur warrior
  8570 | D:9      | Reached XP level 12. HP: 80/80 MP: 18/18
  8610 | D:9      | Found a stormy altar of Qazlal.
  8685 | D:9      | Found a staircase to the Lair.
  9359 | D:7      | Killed QueenGhuleh's ghost
  9360 | D:7      | Reached skill level 10 in Invocations
  9367 | D:7      | Killed Bronimir's ghost
  9466 | D:10     | Entered Level 10 of the Dungeon
  9755 | D:10     | Noticed a centaur warrior
  9763 | D:10     | Killed a centaur warrior
  9763 | D:10     | Noticed a two-headed ogre
  9764 | D:10     | Reached skill level 10 in Shields
  9764 | D:10     | Killed a two-headed ogre
  9864 | D:10     | Reached *** piety under Hepliaklqana
 10256 | D:10     | Found a staircase to the Orcish Mines.
 10721 | Lair:1   | Entered Level 1 of the Lair of Beasts
 10868 | Lair:1   | Reached XP level 13. HP: 75/86 MP: 20/20
 11154 | Lair:1   | Found a dark tunnel.
 11167 | Volcano  | Entered a volcano
 11273 | Volcano  | Reached skill level 5 in Dodging
 11341 | Volcano  | Noticed an orb of fire
 11374 | Volcano  | Noticed an orb of fire
 11960 | Lair:1   | Reached **** piety under Hepliaklqana
 12700 | Lair:2   | Found a sacrificial altar of Ru.
 12724 | Lair:2   | Noticed an eight-headed hydra
 12729 | Lair:2   | Killed an eight-headed hydra
 12807 | Lair:2   | Identified the +5 flail of the Lair of Beasts {vorpal,
                  | rF+++ Will- rCorr Str+4}
 12895 | Lair:2   | Found a staircase to the Shoals.
 12935 | Lair:2   | Reached skill level 16 in Ranged Weapons
 13024 | Lair:2   | Found a gate leading to a gauntlet.
 13031 | Gauntlet | Entered a Gauntlet
 13031 | Gauntlet | Found a transporter.
 13031 | Gauntlet | Found a transporter.
 13054 | Gauntlet | Found a transporter.
 13060 | Gauntlet | Found a runed translucent gate.
 13060 | Gauntlet | Found a runed translucent gate.
 13060 | Gauntlet | Found a runed translucent gate.
 13061 | Gauntlet | Found a transporter.
 13066 | Gauntlet | Found a transporter.
 13070 | Gauntlet | Found a transporter.
 13081 | Gauntlet | Found a transporter.
 13097 | Gauntlet | Found a transporter.
 13111 | Gauntlet | Found a transporter.
 13115 | Gauntlet | Found a transporter.
 13123 | Gauntlet | Found a transporter.
 13127 | Gauntlet | Found a transporter.
 13183 | Gauntlet | Reached XP level 14. HP: 84/97 MP: 21/21
 13292 | Gauntlet | Identified the ring of the Coward {rF+ Will+ rCorr Str+3
                  | Dex+4}
 13360 | Gauntlet | Noticed a minotaur
 13380 | Gauntlet | Killed a minotaur
 13927 | Lair:3   | Reached ***** piety under Hepliaklqana
 14134 | Lair:3   | Reached skill level 17 in Ranged Weapons
 14340 | Lair:3   | Found a hole to the Spider Nest.
 15354 | Lair:5   | Entered Level 5 of the Lair of Beasts
 15393 | Lair:5   | Reached skill level 18 in Ranged Weapons
 15478 | Lair:5   | Found a staircase to the Slime Pits.
 15487 | Lair:5   | Found a viscous altar of Jiyva.
 15588 | Lair:5   | Reached XP level 15. HP: 102/102 MP: 22/22
 15742 | Lair:5   | Reached skill level 19 in Ranged Weapons
 16037 | Lair:5   | Identified the amulet "Zucsurom" {+Blink rElec Will-
                  | Regen+}
 16478 | D:11     | You fall into a shaft and drop 1 floor!
 17374 | D:12     | Reached skill level 20 in Ranged Weapons
 17621 | D:13     | Reached ****** piety under Hepliaklqana
 18042 | D:13     | Found a gate to the Vaults.
 18059 | D:13     | Identified the +8 great mace "Giantbane" {venom, rPois
                  | Int+4}
 18460 | D:14     | Found a frozen archway.
 18609 | D:14     | Reached skill level 21 in Ranged Weapons
 18614 | D:14     | Reached XP level 16. HP: 108/108 MP: 23/23
 18850 | D:14     | Identified the +0 chain mail of Boschufop {rF+ Dex+3
                  | Stlth+}
 19039 | D:14     | Noticed a fire giant
 19039 | D:14     | Noticed a storm dragon
 19066 | D:14     | Killed a storm dragon
 19067 | D:14     | Killed a fire giant
 19495 | Orc:1    | Entered Level 1 of the Orcish Mines
 19902 | Orc:2    | Entered Level 2 of the Orcish Mines
 20421 | Orc:2    | Found Kileih's Weapon Boutique.
 20565 | Orc:2    | Found Bump's Weapon Shop.
 20603 | Orc:2    | Bought 3 curare-tipped darts for 28 gold pieces
 20767 | Orc:2    | Reached skill level 15 in Shields
 20809 | Orc:2    | Reached skill level 22 in Ranged Weapons
 20817 | Orc:2    | Found Seasothry's Distillery.
 20867 | Orc:2    | Found Voravvit's Jewellery Emporium.
 20876 | Orc:2    | Bought the ring "Iwnicvesamp" {rElec Str+2 Dex+6} for 975
                  | gold pieces
 20950 | Orc:2    | Bought the ring "Onieg" {Ice rElec} for 702 gold pieces
 21119 | Orc:2    | Found a staircase to the Elven Halls.
 21388 | Orc:2    | Bought a potion of lignification for 51 gold pieces
 21688 | Spider:1 | Entered Level 1 of the Spider Nest
 21888 | Spider:1 | Slain by a wolf spider

Illustrated notes

Levels and vault maps discovered:
D:1:      dpeg_arrival_shelter, layout_basic, shapermc_ecumenical_altar_venn,
          minmay_hexomino_u4
D:2:      layout_loops_corners, serial_shops, nicolae_square_shop,
          minmay_misc_feat_rows, minmay_misc_feat_encased, uniq_sigmund
D:3:      minmay_general_purpose_star, layout_rooms, overflow_temple_1_default,
          lemuel_tele_altar, nicolae_shop_unique_rings, uniq_jessica,
          uniq_crazy_yiuf_cottage, uniq_grinder
D:4:      layout_basic, grunt_temple_overflow_open, minmay_close_crescents
D:5:      layout_cave_pools, mainiacjoe_overflow_alcove_2, serial_gnoll_camp,
          gnoll_camp_huts_moat, gnoll_camp_medium_01, gnoll_camp_mini_doghouse,
          gnoll_camp_mini_hut, serial_park_tiny_2, hangedman_decor_peaks_small
D:6:      kennysheep_windowed_halls, layout_basic,
          mainiacjoe_overflow_surrounded_room, minmay_temple_entry_ruins,
          dreamdust_mushroom_princess, minmay_ruined_shrine
D:7:      layout_basic, gammafunk_ghost_cemetery
D:8:      layout_rooms, enter_bailey_2
D:9:      lemuel_flame_loot_2, layout_basic, mainiacjoe_overflow_boulevard,
          grunt_lair_entry_orc_guard_hut
D:10:     minmay_four_partial_circles, layout_loops_corners, david_orc_4
D:11:     layout_rooms
D:12:     layout_long_grid
D:13:     argonaut_augean_stables, layout_long_grid, ximxim_vaults_locker_room,
          kennysheep_nondescript
D:14:     minmay_containers, layout_basic, portal_ice_cave_entry_pillars_1,
          kennysheep_big_empty_room
Temple:   nicolae_temple_god_jail
Lair:1:   layout_layer_cave, nicolae_volcano_entry_two_sided
Lair:2:   layout_gridlike, minmay_shoals_entry_hut, gauntlet_entry_generic,
          basic_altar, nicolae_lair_lindhole
Lair:3:   layout_regular_city, nicolae_spider_entry_tight_spaces, serial_rivers,
          chequers_serial_rivers_small_a, chequers_serial_rivers_large_a,
          chequers_serial_rivers_small_3, chequers_serial_rivers_micro_c,
          chequers_serial_rivers_micro_b, chequers_serial_rivers_micro_c,
          lemuel_fruit_fields
Lair:4:   layout_loops_ring, roderic_carrion_pond
Lair:5:   minmay_lair_end_frog_pond, layout_hall_layers,
          minmay_slime_entry_eyes, roderic_batcave
Spider:1: layout_spider_delve, drop_trap
Orc:1:    layout_diamond_mine
Orc:2:    pubby_orc_utopia

Skill      XL: |  1  2  3  4  5  6  7  8  9 10 11 12 13 14 15 16 |
---------------+-------------------------------------------------+-----
Ranged Weapons | 5 7 9 11 13 15 16 18 21 22 | 22.0
Shields        | 2 5 11 13 16 | 16.2
Fighting       | 4 6 7 9 |  9.5
Invocations    | 8 10 | 10.0
Dodging        | 3 6 |  6.8
Stealth        | 3 |  3.6

Action                   |  1- 3 |  4- 6 |  7- 9 | 10-12 | 13-15 | 16-18 || total
-------------------------+-------+-------+-------+-------+-------+-------++-------
 Fire: Shortbow          |    83 |    88 |   322 |   397 |       |       ||   890
       Longbow           |       |       |       |   189 |   812 |   522 ||  1523
Invok: Recall Ancestor   |       |       |       |     5 |     7 |     2 ||    14
       Ancestor Life: Kn |       |       |       |     1 |       |       ||     1
       Idealise          |       |       |       |       |       |     1 ||     1
 Abil: Dig               |     3 |       |     1 |     7 |     4 |     4 ||    19
Evoke: Wand              |       |       |       |       |     3 |       ||     3
       Box of beasts     |       |       |       |       |     1 |       ||     1
  Use: Scroll            |     3 |     6 |    10 |    12 |     2 |     3 ||    36
       Potion            |     1 |     2 |     1 |     5 |     4 |     3 ||    16
Armor: Leather armour    |    19 |    18 |    37 |    35 |       |       ||   109
       Skin              |       |       |       |    13 |     3 |       ||    16
       Robe              |       |       |       |    10 |     7 |    10 ||    27
Dodge: Dodged            |    31 |    28 |    78 |    88 |    37 |    37 ||   299
Block: Kite shield       |       |       |       |     7 |    94 |    79 ||   180
